 Dungeon Crawl Stone Soup version 0.18.1-48-g4cf74bf (webtiles) character file.

11 MistressOfTheDunes the Insei (level 2, -1/24 HPs)
             Began as a Mummy Monk on June 25, 2016.
             Slain by a giant newt (2 damage)
             ... on level 1 of the Dungeon.
             The game lasted 00:01:15 (5833 turns).

MistressOfTheDunes the Insei (Mummy Monk)           Turns: 5833, Time: 00:01:16

Health: -1/24      AC:  0    Str: 14    XL:     2   Next: 17%
Magic:  2/2        EV: 13    Int:  9    God:
Gold:   35         SH:  0    Dex: 14    Spells: 0 memorised, 1 level left

rFire  x . .     SeeInvis .       - Unarmed
rCold  + . .     Gourm    .     (no armour)
rNeg   + + +     Faith    .     (no shield)
rPois  ∞         Spirit   .     (no helmet)
rElec  .         Dismiss  .     (no cloak)
rCorr  .         Reflect  .     (no gloves)
SustAt .         Harm     .     (no boots)
MR     .....                    (no amulet)
Stlth  ++........               (no ring)
                                (no ring)

@: not resistant to hostile enchantments, unstealthy
A: no food or potions, fire vulnerability, cold resistance 1, negative energy
resistance 3, torment resistance, unbreathing
a: no special abilities


You were on level 1 of the Dungeon.
You were not hungry.

You visited 1 branch of the dungeon, and saw 1 of its levels.

You collected 35 gold pieces.


Innate Abilities, Weirdness & Mutations

You do not eat or drink.
Your flesh is vulnerable to fire.
You are immune to poison.
Your flesh is cold resistant.
You are immune to negative energy.
You are immune to unholy pain and torment.
You can survive without breathing.


   Skills:
 + Level 3.2 Fighting
 + Level 2.5 Dodging
 + Level 1.9 Stealth
 + Level 3.3 Unarmed Combat


You had one spell level left.
You didn't know any spells.

Inventory:

Armour
 a - a +0 robe
Scrolls
 b - a scroll of teleportation {unknown}
 c - 2 scrolls of identify {unknown}
 d - a scroll of noise {unknown}
 e - a scroll of random uselessness {unknown}

Dungeon Overview and Level Annotations

Branches:
Dungeon (1/15)

Altars:

▒▒( ▒▒▒.▒..▒ ▒▒
...▒▒▒......▒▒▒▒.
▒▒▒▒..............
▒....▒..▒...▒▒▒▒..
▒......▒▒.....
▒..▒.▒.▒▒....▒ .
▒▒▒.▒▒.▒.†......
....▒▒▒▒▒..............▒
.......Mll..▒.▒▒.......▒
..▒▒▒▒▒▒▒▒..▒..........▒
..............▒
....▒...........
...............▒
....▒▒..........▒
....▒▒........... .▒
......▒▒▒▒. ..... .


You could see 2 giant newts.


Message History

You see here a club!
A kobold comes into view! It is wielding a short sword!
The hobgoblin hits you with a club! * * * don't die
* * * The giant newt bites you! * * * don't die
* * *
There is a stone staircase leading down here!
You see here a club!
You closely miss the hobgoblin! The hobgoblin misses you!
You barely miss the hobgoblin!
The hobgoblin hits you with a club! * * * don't die
* * * You beat the hobgoblin but do no damage!
The hobgoblin closely misses you!
You closely miss the hobgoblin!
The hobgoblin hits you with a club! * * * don't die
* * * You pummel the hobgoblin like a punching bag!
The hobgoblin is heavily wounded!
The hobgoblin closely misses you!
You beat the hobgoblin into a bloody pulp!
The hobgoblin is severely wounded!
The hobgoblin closely misses you!
You pulverise the hobgoblin but do no damage!
The hobgoblin is severely wounded!
You closely miss the hobgoblin! You punch the hobgoblin!
You annihilate the hobgoblin!!!
You closely miss the giant newt! The giant newt closely misses you!
You completely miss the giant newt!
The giant newt bites you! * * * don't die
* * * You miss the giant newt!
The giant newt bites you! rip

Action                   || total
-------------------------++-------
Melee: Unarmed           ||    43
       Punch             ||     1
Dodge: Dodged            ||    27

Vault maps used:
D:1:      lemuel_arrival_behind_the_door_large, minmay_misc_feat_alley

Notes
Turn   | Place    | Note
--------------------------------------------------------------
     0 | D:1      | MistressOfTheDunes the Mummy Monk began the quest for the Orb.
     0 | D:1      | Reached XP level 1. HP: 18/18 MP: 1/1
  5626 | D:1      | Reached XP level 2. HP: 4/24 MP: 2/2
  5826 | D:1      | HP: 2/24 [hobgoblin/club (2)]
  5832 | D:1      | HP: 1/24 [giant newt (2)]
  5833 | D:1      | Slain by a giant newt

Vanquished Creatures
  A giant gecko (D:1)
  3 hobgoblins (D:1)
  A quokka (D:1)
  A goblin (D:1)
  3 kobolds (D:1)
  2 rats (D:1)
11 creatures vanquished.
